 Dungeon Crawl Stone Soup version 0.29.0-4-gdea44cf6ec (webtiles) character file.

Game seed: 11618810406425754807

78 qw the Chopper (level 4, -3/28 HPs)
             Began as a Gargoyle Fighter on Sept 8, 2022.
             Slain by a gnoll
             ... wielding a +0 halberd
              (4 damage)
             ... on level 2 of the Dungeon.
             The game lasted 00:00:49 (1501 turns).

qw the Chopper (Gargoyle Fighter)                   Turns: 1501, Time: 00:00:49

Health: -3/28      AC: 10    Str: 22    XL:     4   Next: 36%
Magic:  4/4        EV:  9    Int:  8    God:
Gold:   74         SH:  4    Dex:  9    Spells: 3/3 levels left

rFire   + . .      SeeInvis .   Y - +0 war axe
rCold   . . .      Faith    .   c - +0 buckler
rNeg    + . .      Spirit   .   b - +0 scale mail
rPois   inf        Reflect  .   (no helmet)
rElec   +          Harm     .   (no cloak)
rCorr   .          Rampage  .   (no gloves)
Will    .....                   (no boots)
Stlth   ..........              (no amulet)
HPRegen 0.09/turn               i - ring of protection from fire
MPRegen 0.09/turn               (no ring)

@: about to teleport
A: sickness immunity, AC +3, negative energy resistance 1, electricity
resistance, torment resistance 1, petrification resistance
a: no special abilities


You were on level 2 of the Dungeon.
You visited 1 branch of the dungeon, and saw 2 of its levels.

You collected 74 gold pieces.


Innate Abilities, Weirdness & Mutations

You are immune to sickness and miasma.
Your stone body is resilient. (AC +3)
You are immune to poison.
You resist negative energy. (rN+)
You are resistant to electric shocks. (rElec)
You are resistant to unholy torment.
You are immune to petrification.


   Skills:
 - Level 3.2 Fighting
 + Level 4.1 Axes
 - Level 3.2 Armour
 - Level 3.2 Shields


You had 3 spell levels left.
You didn't know any spells.
Your spell library was empty.

Inventory:

Hand Weapons
 j - a +0 whip
 o - a +0 flail
 Y - a +0 war axe (weapon)
Armour
 b - a +0 scale mail (worn)
 c - a +0 buckler (worn)
Jewellery
 i - a ring of protection from fire (left hand)
Scrolls
 h - a scroll of poison {unknown}
Potions
 a - a potion of attraction {unknown}
 d - a potion of might
 e - a potion of magic {unknown}
 f - a potion of ambrosia {unknown}
 g - a potion of heal wounds {unknown}
 k - a potion of degeneration {unknown}
 l - a potion of lignification {unknown}
 m - a potion of curing {unknown}

Dungeon Overview and Level Annotations

Branches:
Dungeon (2/15)

Altars:


Message History

You miss the adder. You closely miss the adder.
The adder barely misses you. x2; The adder bites you but does no damage.
You barely miss the adder. You hit the adder. The adder bites you.
The adder bites you but does no damage. The adder closely misses you.
The adder bites you but does no damage.
You hit the adder.
The adder is heavily wounded.
You hit the adder. You block the adder's attack.
The adder bites you but does no damage. The adder closely misses you.
The gnoll hits you from afar with a +0 halberd.
You slash the adder!
You kill the adder!
You miss the adder. The bat barely misses you.
The bat hits you but does no damage. The adder bites you.
The gnoll barely misses you.
A gnoll comes into view. It is wielding a +0 whip.
Your Axes skill increases to level 4!
The gnoll shouts!
You hit the adder.
You kill the adder!
You miss the bat. The bat hits you but does no damage.
The gnoll hits you from afar with a +0 halberd!
Found a scroll of butterflies.
The bat hits you but does no damage. The gnoll hits you but does no damage.
You barely miss the gnoll. The bat misses you. You block the gnoll's attack. x2
You closely miss the gnoll. You barely miss the bat.
You block the bat's attack. The gnoll hits you with a +0 halberd.
You hit the gnoll.
The gnoll is moderately wounded.
The bat hits you but does no damage. The gnoll barely misses you.
The gnoll hits you with a +0 halberd!
1501 ||| READING scroll of teleportation.
As you read the scroll of teleportation, it crumbles to dust.
You feel strangely unstable. The bat barely misses you.
The gnoll completely misses you. The gnoll hits you with a +0 halberd.
You die...

#...###...##
+...##.....#####
#...##...%.....##### +.
....+.........'....
#..# #.##.........#####
#...##.....#...........
#....###.#.##+#.##...
####%###.#...........
#@..#.####.#.#....
#?..gg#b#.# ....<.....
#.....#.#.#........##'
+.....+ ..............
#.....# ..........####
.......# .####.##.....
.....#### .# #.........
..... #. #......
#.###..


You could see 2 gnolls and a bat.

Vanquished Creatures
  2 adders (D:2)
  A gnoll (D:2)
  A worm (D:2)
  6 bats (D:1)
  8 endoplasms
  2 giant cockroaches
  4 hobgoblins (D:1)
  5 ball pythons
  A frilled lizard (D:2)
  6 goblins
  5 kobolds
  6 rats
47 creatures vanquished.

Notes
Turn   | Place    | Note
-------+----------+-------------------------------------------
     0 | D:1      | qw the Gargoyle Fighter began the quest for the Orb.
     0 | D:1      | Reached XP level 1. HP: 14/14 MP: 1/1
     0 | D:1      | 0 ||| qw: Version: 0.1-a-111-g1c1fd2e
     0 | D:1      | 0 ||| qw: Game counter: 6618
     0 | D:1      | 0 ||| qw: Always use a shield: true
     0 | D:1      | 0 ||| qw: God list: Okawaru
     0 | D:1      | 0 ||| qw: Allow faded altars: false
     0 | D:1      | 0 ||| qw: Do Orc after D:15 true
     0 | D:1      | 0 ||| qw: Do second Lair branch before Depths: true
     0 | D:1      | 0 ||| qw: Lair rune preference: random
     0 | D:1      | 0 ||| qw: Plans: Normal, Zot, God:TSO, Crypt, Tomb, Zig,
                  | Orb
     0 | D:1      | 0 ||| PLANNING D:1-11
    18 | D:1      | Found a faded altar of an unknown god.
    99 | D:1      | Reached skill level 2 in Axes
   124 | D:1      | Reached XP level 2. HP: 15/19 MP: 2/2
   324 | D:1      | 324 ||| DROPPING +0 club.
   439 | D:1      | Reached skill level 3 in Axes
   473 | D:1      | Reached XP level 3. HP: 23/23 MP: 3/3
   919 | D:1      | 919 ||| UPGRADING to ring of protection from fire.
   920 | D:1      | 920 ||| READING scroll labelled HAAG CE WIA.
   921 | D:1      | 921 ||| READING scroll labelled JETUSTR YCKI.
   926 | D:1      | 926 ||| READING scroll labelled HAOROGIUCO.
   927 | D:1      | 927 ||| READING scroll labelled ETHOWKO EPOLUN.
   953 | D:2      | 953 ||| Stepping ~*~*~tactically~*~*~ (hiding).
  1481 | D:2      | Reached XP level 4. HP: 28/28 MP: 4/4
  1496 | D:2      | Reached skill level 4 in Axes
  1500 | D:2      | HP: 1/28 [gnoll/+0 halberd (7)]
  1501 | D:2      | 1501 ||| READING scroll of teleportation.
  1501 | D:2      | Slain by a gnoll

Levels and vault maps discovered:
D:1:      pf_arrival_petrified_forest, layout_loops_ring,
          ebering_ecumenical_altar_webs
D:2:      layout_basic, minmay_cut_off

Skill      XL: |  1  2  3  4 |
---------------+-------------+-----
Axes           | 2 3 4 |  4.1
Fighting       | |  3.2
Armour         | |  3.2
Shields        | |  3.2

Action                   |  1- 3 |  4- 6 || total
-------------------------+-------+-------++-------
Melee: War axe           |   123 |    14 ||   137
  Use: Scroll            |     4 |     1 ||     5
Armor: Scale mail        |    69 |    21 ||    90
Dodge: Dodged            |    65 |    16 ||    81
Block: Buckler           |    16 |     6 ||    22

Table legend:
 A = Non-vault XP
 B = Vault XP
 C = Vault XP percentage of total XP
 D = Non-vault monster count
 E = Vault monster count
 F = Vault count percentage of total count
                 A         B        C        D         E       F
            +---------+---------+-------+---------+---------+-------
      Total |     103 |       9 |   8.0 |      44 |       3 |   6.4
            +---------+---------+-------+---------+---------+-------
        D:1 |      52 |       0 |   0.0 |      32 |       0 |   0.0
        D:2 |      51 |       9 |  15.0 |      12 |       3 |  20.0
            +---------+---------+-------+---------+---------+-------
